Map: Frozen Temple

Players

Tesla (Rob)

  • Race: Protoss Protoss
  • League: Grandmaster

Pokebunny - Winner!

  • Race: Terran Terran
  • League: Grandmaster

VOD

Have the link to the VOD?

Description

Time

  • Played on: April 4, 2016, 4:27 p.m.
  • Length: 6:32
Show
View Real Time Build Order
Export as new Build Order

Tesla Protoss 

Build Orders: Oracle Opening 

Get SALT Encoding   

  12  0:01  Probe (Chrono Boost)  
  13  0:12  Probe (Chrono Boost)  
  14  0:17  Pylon  
  14  0:22  Probe (Chrono Boost)  
  16  0:36  Probe (Chrono Boost)  
  16  0:37  Gateway  
  16  0:46  Probe (Chrono Boost)  
  17  0:52  Assimilator x2  
  17  0:57  Probe (Chrono Boost)  
  18  1:07  Probe (Chrono Boost)  
  19  1:15  Pylon  
  19  1:18  Probe (Chrono Boost)  
  20  1:24  Cybernetics Core  
  20  1:28  Probe (Chrono Boost)  
  21  1:39  Probe (Chrono Boost)  
  22  1:49  Probe (Chrono Boost)  
  23  2:00  Probe (Chrono Boost)  
  24  2:01  Stargate  
  24  2:05  Adept (Chrono Boost)  
  24  2:06  Warp Gate (Chrono Boost)  
  26  2:15  Pylon  
  25  2:44  Oracle (Chrono Boost)  
  25  2:46  Mothership Core  
  30  2:57  Nexus  
  30  2:59  Stalker  
  32  3:10  Probe  
  33  3:20  Gateway x2  
  31  3:42  Robotics Facility  
  30  3:50  Pylon  
  30  3:52  Probe  
  31  4:04  Probe (Chrono Boost)  
  31  4:06  Stalker  
  31  4:09  Probe (Chrono Boost)  
  34  4:16  Probe (Chrono Boost)  
  36  4:21  Probe (Chrono Boost)  
  35  4:26  Probe (Chrono Boost)  
  35  4:33  Stalker x2  
  35  4:35  Adept  
  37  4:49  Probe x2 (Chrono Boost)  
  39  4:54  Pylon  
  39  5:04  Immortal (Chrono Boost)  
  43  5:12  Stalker  
  45  5:26  Stalker x2  
  45  5:53  Stalker x3  
  51  5:57  Pylon  
  41  6:23  Stalker  
  35  6:26  Adept  
  35  6:27  Zealot  
Show
View Real Time Build Order
Export as new Build Order

Pokebunny Terran - Winner!

Build Orders: 1/1/1, Liberator Opening 

Get SALT Encoding   

  12  0:00  SCV  
  13  0:13  SCV  
  14  0:18  Supply Depot  
  14  0:25  SCV  
  15  0:31  Refinery  
  15  0:40  SCV  
  16  0:45  Barracks  
  16  0:52  SCV  
  18  1:04  SCV  
  18  1:16  SCV  
  19  1:32  Orbital Command, Marine  
  20  1:36  Refinery, Factory  
  20  1:38  Supply Depot  
  20  1:50  Marine  
  21  1:57  SCV  
  22  2:08  Barracks Reactor  
  22  2:09  SCV  
  23  2:18  Supply Depot  
  23  2:20  Hellion, Starport  
  25  2:24  SCV  
  26  2:36  SCV  
  27  2:40  Widow Mine  
  29  2:44  Marine  
  29  2:45  Marine  
  29  2:48  SCV  
  29  2:49  Supply Depot  
  32  2:58  Medivac  
  34  3:00  SCV  
  34  3:02  Marine x2  
  37  3:10  Factory Tech Lab  
  37  3:13  Engineering Bay  
  37  3:17  SCV  
  38  3:20  Marine x2  
  38  3:27  Liberator  
  40  3:28  Supply Depot  
  40  3:29  SCV  
  40  3:39  Siege Tank  
  46  3:48  Marine  
  46  3:50  Marine  
  49  4:00  Supply Depot  
  48  4:04  Barracks  
  48  4:11  Barracks  
  48  4:15  Marine  
  48  4:16  Marine  
  52  4:31  Siege Tank  
  52  4:36  Marine  
  52  4:37  Marine  
  52  4:48  Missile Turret  
  52  4:52  Liberator  
  52  4:58  Marine x3  
  52  4:59  Marine  
  56  5:03  Siege Tank  
  61  5:26  Marine x3  
  61  5:28  Supply Depot  
  63  5:45  Bunker  
  63  5:49  Marine x4  
  69  6:08  Bunker  
Tags
 
Add a new tag
Caveats
  • Supply blocks, unpowered buildings, or Contaminate may cause inaccurate times.
  • Supply counts are checked every 10 seconds.